 Dungeon Crawl Stone Soup version 0.31-a0-198-g2ad674f65e (webtiles) character file.

Game seed: 5280557769000268862

54 qw the Shooter (level 3, 0/20 HPs)
             Began as a Deep Elf Hunter on June 25, 2023.
             Slain by Sigmund
             ... wielding a +0 scythe
              (9 damage)
             ... on level 2 of the Dungeon.
             The game lasted 00:00:28 (838 turns).

qw the Shooter (Deep Elf Hunter)                     Turns: 838, Time: 00:00:28

Health: 0/20       AC:  5    Str: 10    XL:     3   Next: 66%
Magic:  5/5        EV: 11    Int: 13    God:
Gold:   58         SH:  0    Dex: 18    Spells: 2/2 levels left

rFire   . . .        Y - +0 shortbow
rCold   . . .        (shield currently unavailable)
rNeg    . . .        f - +0 ring mail
rPois   .            (no helmet)
rElec   .            (no cloak)
rCorr   .            (no gloves)
SInv    .            (no boots)
Will    .....        (no amulet)
Stlth   +            (no ring)
HPRegen 0.23/turn    (no ring)
MPRegen 0.09/turn

%: no passive effects
@: no status effects
A: no striking features
a: no special abilities


You were on level 2 of the Dungeon.
You visited 1 branch of the dungeon, and saw 2 of its levels.

You collected 58 gold pieces.


   Skills:
 - Level 1.5 Fighting
 + Level 7.2 Ranged Weapons
 - Level 2.4 Dodging
 - Level 1.2 Stealth


You had 2 spell levels left.
You didn't know any spells.
Your spell library was empty.

Inventory:

Hand Weapons
 Y - a +0 shortbow (weapon)
Armour
 b - a +1 helmet
 f - a +0 ring mail (worn)
Scrolls
 a - a scroll of identify {unknown}
 c - 2 scrolls of blinking {unknown}
 d - a scroll of noise {unknown}
 h - a scroll of teleportation {unknown}
Potions
 e - a potion of mutation {unknown}
 g - a potion of heal wounds {unknown}

Dungeon Overview and Level Annotations

Branches:
Dungeon (2/15)

Altars:

Annotations:
D:2 Sigmund


Message History

810 ||| STILL FLEEEEING.
811 ||| STILL FLEEEEING.
There is an open door here.
Enter note:
Enter note:
Enter note:
Enter note: You shoot an arrow.
You shoot an arrow.
814 ||| FLEEEEING.
815 ||| STILL FLEEEEING.
816 ||| STILL FLEEEEING.
817 ||| STILL FLEEEEING.
818 ||| STILL FLEEEEING.
There is an open door here.
819 ||| FLEEEEING.
820 ||| FLEEEEING.
821 ||| STILL FLEEEEING.
822 ||| STILL FLEEEEING.
823 ||| STILL FLEEEEING.
824 ||| FLEEEEING.
825 ||| FLEEEEING.
Enter note:
Enter note:
Enter note:
Enter note:
826 ||| FLEEEEING.
827 ||| STILL FLEEEEING.
828 ||| STILL FLEEEEING.
829 ||| STILL FLEEEEING.
A puff of flame appears from out of thin air!
The puff of flame hits you!
Ouch! That really hurt!
830 ||| STILL FLEEEEING.
831 ||| FLEEEEING.
You are confused.
Something hits you but does no damage.
You feel less confused. Something hits you!
You die...

# ##...## #..# # ##'##
##.# # #g# #.# #####
#.# #.# ....# ##{## #.#
###.###...## #.# #
#.##.....# #.#
###.###...###########.#
.............g..@..<..#
###.###...#############
###.# ##.## ....# #.#
##### #.# #%# #.# #.#
#.#


You could see a hobgoblin.

Vanquished Creatures
  2 adders (D:2)
  5 bats (D:1)
  3 endoplasms
  3 giant cockroaches
  3 goblins (D:1)
  4 hobgoblins
  3 quokkas (D:1)
  A ball python (D:1)
  2 frilled lizards (D:1)
  4 kobolds
  3 rats
33 creatures vanquished.

Notes
Turn   | Place    | Note
-------+----------+-------------------------------------------
     0 | D:1      | qw the Deep Elf Hunter began the quest for the Orb.
     0 | D:1      | Reached XP level 1. HP: 12/12 MP: 3/3
     0 | D:1      | 0 ||| qw: Version: 0.3-a-22-g0ed2b0b
     0 | D:1      | 0 ||| qw: Game counter: 5271
     0 | D:1      | 0 ||| qw: Melee chars always use a shield: true
     0 | D:1      | 0 ||| qw: God list: Okawaru
     0 | D:1      | 0 ||| qw: Allow faded altars: false
     0 | D:1      | 0 ||| qw: Do Orc after clearing Dungeon:15 true
     0 | D:1      | 0 ||| qw: Do second Lair branch before Depths: true
     0 | D:1      | 0 ||| qw: Lair rune preference: random
     0 | D:1      | 0 ||| qw: Goals: Normal
     0 | D:1      | 0 ||| PLANNING D:1-11
    53 | D:1      | Reached skill level 6 in Ranged Weapons
    53 | D:1      | Reached XP level 2. HP: 16/16 MP: 4/4
   383 | D:1      | 383 ||| UPGRADING to +0 ring mail.
   393 | D:1      | 393 ||| DROPPING +0 leather armour.
   394 | D:1      | 394 ||| READING scroll labelled ERIAQI CUVY.
   395 | D:1      | 395 ||| DROPPING scroll of butterflies.
   437 | D:2      | Reached XP level 3. HP: 20/20 MP: 5/5
   474 | D:2      | Reached skill level 7 in Ranged Weapons
   793 | D:2      | Noticed Sigmund
   796 | D:2      | 796 ||| FLEEEEING.
   797 | D:2      | 797 ||| FLEEEEING.
   798 | D:2      | 798 ||| FLEEEEING.
   799 | D:2      | 799 ||| FLEEEEING.
   800 | D:2      | 800 ||| FLEEEEING.
   801 | D:2      | 801 ||| FLEEEEING.
   802 | D:2      | 802 ||| FLEEEEING.
   814 | D:2      | 814 ||| FLEEEEING.
   819 | D:2      | 819 ||| FLEEEEING.
   820 | D:2      | 820 ||| FLEEEEING.
   824 | D:2      | 824 ||| FLEEEEING.
   825 | D:2      | 825 ||| FLEEEEING.
   826 | D:2      | 826 ||| FLEEEEING.
   831 | D:2      | 831 ||| FLEEEEING.
   838 | D:2      | Slain by Sigmund

Levels and vault maps discovered:
D:1:      roderic_crop_circles_arrival_small, layout_rooms
D:2:      layout_loops_corners, uniq_sigmund

Skill      XL: |  1  2  3 |
---------------+----------+-----
Ranged Weapons | 6 7 |  7.2
Fighting       | |  1.5
Dodging        | |  2.4
Stealth        | |  1.2

Action                     || total
---------------------------++-------
   Fire: Shortbow          ||    87
    Use: Scroll            ||     1
 Armour: Leather armour    ||     1
         Ring mail         ||     9
  Dodge: Dodged            ||     5

Table legend:
 A = Non-vault XP
 B = Vault XP
 C = Vault XP percentage of total XP
 D = Non-vault monster count
 E = Vault monster count
 F = Vault count percentage of total count
                 A         B        C        D         E       F
            +---------+---------+-------+---------+---------+-------
      Total |      78 |       0 |   0.0 |      33 |       0 |   0.0
            +---------+---------+-------+---------+---------+-------
        D:1 |      39 |       0 |   0.0 |      24 |       0 |   0.0
        D:2 |      39 |       0 |   0.0 |       9 |       0 |   0.0
            +---------+---------+-------+---------+---------+-------
